 Dungeon Crawl Stone Soup version 0.30-a0-883-g5ad918d77d (webtiles) character file.

Game seed: 12284810045323145124

3 hikkokomori the Slasher (level 1, 0/16 HPs)
             Began as a Formicid Gladiator on Mar 18, 2023.
             Slain by a giant cockroach (2 damage)
             ... on level 1 of the Dungeon.
             The game lasted 00:00:20 (58 turns).

hikkokomori the Slasher (Formicid Gladiator)          Turns: 58, Time: 00:00:21

Health: 0/16       AC:  3    Str: 18    XL:     1   Next: 55%
Magic:  1/1        EV: 12    Int:  7    God:
Gold:   0          SH:  0    Dex: 15    Spells: 0/0 levels left

rFire   . . .      SeeInvis +    a - +0 long sword
rCold   . . .      Faith    .    (no shield)
rNeg    . . .      Spirit   .    b - +0 leather armour
rPois   .          Reflect  .    (helmet unavailable)
rElec   .          Rampage  .    (no cloak)
rCorr   .                        (no gloves)
Will    .....                    (no boots)
Stlth   +                        (no amulet)
HPRegen 0.22/turn                (no ring)
MPRegen 0.07/turn                (no ring)

@: no status effects
A: permanent stasis, dig shafts and tunnels, antennae 3, four strong arms
a: Dig, Shaft Self


You were on level 1 of the Dungeon.
You visited 1 branch of the dungeon, and saw 1 of its levels.

Inventory:

Hand Weapons
 a - a +0 long sword (weapon)
Missiles
 c - 3 throwing nets (quivered)
 d - a javelin
Armour
 b - a +0 leather armour (worn)


   Skills:
 + Level 2.3 Fighting
 + Level 3.0 Long Blades
 - Level 2.0 Throwing
 - Level 2.6 Dodging
 + Level 0.5 Stealth


You couldn't memorise any spells.
You didn't know any spells.
Your spell library was empty.

Dungeon Overview and Level Annotations

Branches:
Dungeon (1/15)

Altars:


Innate Abilities, Weirdness & Mutations

You cannot be hasted, slowed, berserked, paralysed or teleported.
You can dig through walls and to a lower floor.
You have a pair of large antennae on your head. (SInv)
Your four strong arms can wield two-handed weapons with a shield.


Message History

You are too injured to fight recklessly!
You are too injured to fight recklessly!
Unknown command.
You miss the kobold. The giant cockroach closely misses you.
The kobold hits you with a +0 whip.
* * * LOW HITPOINT WARNING * * *
The dart slug launches a dart at you. The slug dart misses you.
Unknown command.
You barely miss the kobold. The giant cockroach bites you.
* * * LOW HITPOINT WARNING * * *
The kobold hits you but does no damage.
The giant cockroach bites you but does no damage.
You closely miss the kobold. You punch the kobold.
The kobold is heavily wounded.
The giant cockroach closely misses you. The kobold barely misses you.
The dart slug misses you.
The giant cockroach bites you but does no damage.
You closely miss the kobold.
The kobold is moderately wounded.
The kobold hits you with a +0 whip.
* * * LOW HITPOINT WARNING * * *
The giant cockroach barely misses you. The kobold closely misses you.
The dart slug closely misses you.
You miss the kobold.
The kobold is moderately wounded.
The giant cockroach closely misses you. The kobold misses you.
The giant cockroach closely misses you.
You aren't carrying any potions.
Unknown command.
You aren't carrying any scrolls.
You closely miss the kobold.
The kobold is moderately wounded.
The dart slug bites you but does no damage.
The kobold closely misses you. The giant cockroach barely misses you.
You barely miss the kobold.
The kobold is moderately wounded.
The giant cockroach misses you. The kobold hits you but does no damage.
The dart slug completely misses you. The giant cockroach bites you.
You die...

#....##..#.##.....
###....###..........
#......†......####..
#....########## #..
#....# ########.#
#....# #........#
#....# #.########
#....# #..@.# #.KwB#
#....# #....# {
#..... #......
#...... #.......


You could see a dart slug, a giant cockroach and a kobold.

Vanquished Creatures
  A dart slug (D:1)
  A rat (D:1)
2 creatures vanquished.

Notes
Turn   | Place    | Note
-------+----------+-------------------------------------------
     0 | D:1      | hikkokomori the Formicid Gladiator began the quest for the
                  | Orb.
     0 | D:1      | Reached XP level 1. HP: 16/16 MP: 1/1
    58 | D:1      | Slain by a giant cockroach

Illustrated notes

Levels and vault maps discovered:
D:1:      ebering_hopf_link, layout_basic

Action                     || total
---------------------------++-------
  Melee: Long sword        ||    11
         Punch             ||     1
 Armour: Leather armour    ||    11
  Dodge: Dodged            ||    19

Table legend: (Time is in decaauts)
 A = Elapsed time spent in this place.
 B = Non-inter-level travel time spent in this place.
 C = Inter-level travel time spent in this place.
 D = Time resting spent in this place.
 E = Time spent auto-exploring this place.
 F = Levels seen in this place.
 G = Mean time per level.
                   A        B        C        D        E       F      G
               +--------+--------+--------+--------+--------+-----+--------+
         Total |     60 |     60 |      0 |      0 |     36 |   1 |   60.0 |
       Dungeon |     60 |     60 |      0 |      0 |     36 |   1 |   60.0 |
               +--------+--------+--------+--------+--------+-----+--------+

Top non-repeatable levels by time:
     D:1: 60 daAuts
